 Dungeon Crawl Stone Soup version 0.31-a0-446-g07c4bd200f (console) character file.

Game seed: 10692547643786436554

567 Lexodia the Conjurer (level 7, -3/54 HPs)
             Began as a Tengu Fire Elementalist on Aug 3, 2023.
             Slain by Pikel
             ... wielding a +0 whip of freezing
              (7 damage)
             ... on level 4 of the Dungeon.
             The game lasted 00:07:07 (4159 turns).

Lexodia the Conjurer (Tengu Fire Elementalist)      Turns: 4159, Time: 00:07:08

Health: -3/54      AC: 23    Str:  8    XL:     7   Next: 33%
Magic:  0/12       EV:  2    Int: 18    God:
Gold:   92         SH:  0    Dex: 14    Spells: 2/12 levels left

rFire   + . .        h - +0 hand axe
rCold   + . .        (no shield)
rNeg    . . .        m - melded +2 ring mail {Will+}
rPois   +            (helmet currently unavailable)
rElec   +            q - melded +0 cloak
rCorr   +            (gloves currently unavailable)
SInv    .            (boots unavailable)
Will    .....        (no amulet)
Stlth   ++           (no ring)
HPRegen 0.29/turn    (no ring)
MPRegen 0.13/turn

%: no passive effects
@: tree-form, resistant, attractive, very slightly contaminated
A: stationary, stasis, torment immunity, boosted hp, (beak), (talons 3), nimble
flight
a: no special abilities


You were on level 4 of the Dungeon.
You were a tree.
You visited 1 branch of the dungeon, and saw 4 of its levels.

You collected 92 gold pieces.

Inventory:

Hand Weapons
 h - a +0 hand axe (weapon)
Armour
 a - a +0 robe
 m - a +2 ring mail of willpower (melded)
 q - a +0 cloak (melded)
Scrolls
 d - 4 scrolls of identify
 f - 3 scrolls of immolation {unknown}
 j - a scroll of amnesia {unknown}
 l - a scroll of revelation {unknown}
 n - 2 scrolls of teleportation {unknown}
 o - a scroll of blinking {unknown}
Potions
 b - a potion of magic
 e - 3 potions of haste
 k - a potion of lignification


   Skills:
 - Level 4.0 Armour
 - Level 2.1 Dodging
 - Level 2.0 Stealth
 - Level 3.0 Spellcasting
 + Level 6.5 Conjurations
 - Level 5.0 Fire Magic


You had 2 spell levels left.
You knew the following spells:

 Your Spells              Type           Power      Damage    Failure   Level
a - Foxfire               Conj/Fire      92%        2x1d8     1%          1
b - Scorch                Fire           40%        2d6       3%          2
c - Volatile Blastmotes   Fire/Tloc      22%        2d11      17%         3
d - Flame Wave            Conj/Fire      23%        2d8       16%         4

Your spell library contained the following spells:

 Spells                   Type           Power      Damage    Failure   Level
 Magic Dart               Conj           100%       1d8       1%          1
 Call Imp                 Summ           4%         N/A       24%         2
 Inner Flame              Hex/Fire       11%        N/A       17%         3
 Mephitic Cloud           Conj/Pois/Air  10%        N/A       21%         3
 Iskenderun's Mystic Bla  Conj/Tloc      14%        2d5       38%         4
 Portal Projectile        Hex/Tloc       4%         N/A       43%         3
 Tukima's Dance           Hex            2%         N/A       43%         3
 Vhi's Electric Charge    Tloc/Air       4%         N/A       43%         3
 Arcjolt                  Conj/Air       7%         1d17      75%         5
 Maxwell's Capacitive Co  Air            1%         ∞         100%        8


Dungeon Overview and Level Annotations

Branches:
Dungeon (4/15)
 Temple: D:4-7

Altars:
Fedhas

Annotations:
D:4 Pikel


Innate Abilities, Weirdness & Mutations

You are a tree.
Your roots penetrate the ground, keeping you stationary.
You cannot be teleported.
You are immune to unholy pain and torment.
Your maximum health is greatly increased.
Your equipment is partially melded.
((You have a beak for a mouth.))
((You have claws for feet.))
Your magical nature lets you fly swiftly and evasively.


Message History

Pikel is no longer more vulnerable to fire.
Pikel hits you with a +0 whip of freezing.
* * * LOW HITPOINT WARNING * * *
Pikel freezes you.
* * * LOW HITPOINT WARNING * * *
Huge Dmg: -9%(-3hp) hp: 25%(9hp)
Casting: Foxfire (safe; 4% risk of failure)
Confirm with . or Enter, or press ? or * to list all spells.
You miscast Foxfire.
You are very lightly contaminated with residual magic.
Nothing appears to happen.
Pikel hits you with a +0 whip of freezing.
* * * LOW HITPOINT WARNING * * *
Pikel freezes you.
* * * LOW HITPOINT WARNING * * *
Huge Dmg: -11%(-4hp) hp: 14%(5hp) It was a potion of lignification.
You turn into a tree.
Your +0 cloak melds into your body.
Your +2 ring mail of willpower melds into your body.
You feel less strong-willed.
Your roots penetrate the ground.
Pikel hits you but does no damage.
It was a potion of enlightenment.
Your roots keep you in place.
Pikel hits you but does no damage.
It was a potion of attraction.
You feel attractive to monsters. Pikel hits you but does no damage.
It was a potion of resistance.
You feel protected.
Pikel hits you with a +0 whip of freezing.
* * * LOW HITPOINT WARNING * * *
Pikel freezes you.
* * * LOW HITPOINT WARNING * * *
Huge Dmg: -7%(-4hp) hp: 8%(4hp)
Okay, then.
You hit Pikel.
Pikel is almost dead.
Your enlightenment fades.
Pikel hits you but does no damage.
Pikel hits you with a +0 whip of freezing!
You die...

#....#
##....##≈..
##....#
####.##≈.[
#....##
#.##≈..
##...#
#..#≈≈≈
#..##
##.†###
##.# ####
#..######
#.###...#
#.##♣...#
##.K....#
#(....##
#.†...#
#.....#
#....##
#...##
#####


You could see Pikel.

Vanquished Creatures
  2 black bears (D:4)
  A lemure (D:4)
  2 scorpions (D:4)
  A hound (D:3)
  2 iguanas (D:4)
  Natasha (thrice) (D:2)
  2 gnolls (D:4)
  5 adders
  A dart slug (D:2)
  2 ball pythons (D:2)
  9 endoplasms
  2 giant cockroaches (D:4)
  7 goblins
  4 hobgoblins
  7 jackals
  2 quokkas (D:4)
  5 bats
  4 frilled lizards
  A kobold (D:2)
  2 rats
64 creatures vanquished.

Vanquished Creatures (collateral kills)
  2 foxfires (D:2)
2 creatures vanquished.

Vanquished Creatures (others)
  212 foxfires
212 creatures vanquished.

Grand Total: 278 creatures vanquished

Notes
Turn   | Place    | Note
-------+----------+-------------------------------------------
     0 | D:1      | Lexodia the Tengu Fire Elementalist began the quest for the
                  | Orb.
     0 | D:1      | Reached XP level 1. HP: 10/10 MP: 4/4
   176 | D:1      | Reached skill level 2 in Conjurations
   594 | D:1      | Reached XP level 2. HP: 15/15 MP: 1/6
   597 | D:1      | Learned a level 2 spell: Scorch
   710 | D:1      | Reached skill level 3 in Conjurations
  1166 | D:2      | Reached XP level 3. HP: 19/19 MP: 2/7
  1215 | D:2      | Noticed Natasha
  1220 | D:2      | Huge Dmg: 8 dmg
  1220 | D:2      | Killed Natasha
  1221 | D:2      | Reached skill level 4 in Conjurations
  1388 | D:2      | Found a blossoming altar of Fedhas.
  1496 | D:2      | Noticed Natasha
  1499 | D:2      | Huge Dmg: 5 dmg
  1499 | D:2      | Killed Natasha
  1500 | D:2      | Reached skill level 5 in Conjurations
  1500 | D:2      | Reached XP level 4. HP: 19/24 MP: 4/8
  1604 | D:2      | Huge Dmg: 5 dmg
  1810 | D:2      | Noticed Natasha
  1814 | D:2      | Killed Natasha
  1815 | D:2      | Reached skill level 6 in Conjurations
  1815 | D:2      | Gained mutation: Your magical nature lets you fly swiftly
                  | and evasively. [Tengu growth]
  1815 | D:2      | Reached XP level 5. HP: 28/28 MP: 2/9
  1899 | D:2      | Learned a level 3 spell: Volatile Blastmotes
  2068 | D:3      | Found a faded altar of an unknown god.
  3149 | D:4      | Found a blossoming altar of Fedhas.
  3244 | D:4      | Reached skill level 1 in Armour
  3244 | D:4      | Reached XP level 6. HP: 13/32 MP: 0/11
  3349 | D:4      | Noticed a black bear
  3354 | D:4      | Killed a black bear
  3765 | D:4      | Learned a level 4 spell: Flame Wave
  3776 | D:4      | Reached skill level 5 in Fire Magic
  3776 | D:4      | Reached XP level 7. HP: 35/36 MP: 4/12
  4121 | D:4      | Noticed Pikel
  4147 | D:4      | Huge Dmg: 9 dmg
  4148 | D:4      | Huge Dmg: 8 dmg
  4150 | D:4      | Huge Dmg: 6 dmg
  4154 | D:4      | Huge Dmg: 3 dmg
  4155 | D:4      | Huge Dmg: 4 dmg
  4159 | D:4      | Huge Dmg: 4 dmg
  4159 | D:4      | Slain by Pikel

Illustrated notes

Levels and vault maps discovered:
D:1:      wander_arrival_chamber, layout_basic
D:2:      minmay_alternating_diamond, layout_rooms, basic_altar,
          minmay_hedge_maze, uniq_natasha
D:3:      layout_basic, hellmonk_ecumenical_altar_arch_garden
D:4:      layout_cave_pods, fedhas_altar_2, serial_rivers,
          chequers_serial_rivers_micro_a, chequers_serial_rivers_small_b,
          chequers_serial_rivers_small_3, chequers_serial_rivers_room_a,
          chequers_serial_rivers_small_b, uniq_pikel

Skill      XL: |  1  2  3  4  5  6  7 |
---------------+----------------------+-----
Conjurations   | 2 3 5 6 |  6.5
Armour         | 1 3 4 |  4.0
Fire Magic     | 4 5 |  5.0
Spellcasting   | 3 |  3.0
Dodging        | |  2.1
Stealth        | |  2.0

Action                     |  1- 3 |  4- 6 |  7- 9 || total
---------------------------+-------+-------+-------++-------
  Melee: Hand axe          |     2 |    14 |     5 ||    21
         Peck              |       |     3 |     1 ||     4
         Kick              |       |     1 |     1 ||     2
  Throw: Throwing net      |       |       |     1 ||     1
   Cast: Foxfire           |    55 |    44 |    20 ||   119
         Scorch            |     2 |    22 |     9 ||    33
    Use: Potion            |       |       |     4 ||     4
         Scroll            |       |       |     1 ||     1
 Armour: Robe              |     3 |       |       ||     3
         Ring mail         |       |     4 |     2 ||     6
         Skin              |       |       |     4 ||     4
  Dodge: Dodged            |    10 |    18 |     5 ||    33

Table legend: (Time is in decaauts)
 A = Elapsed time spent in this place.
 B = Non-inter-level travel time spent in this place.
 C = Inter-level travel time spent in this place.
 D = Time resting spent in this place.
 E = Time spent auto-exploring this place.
 F = Levels seen in this place.
 G = Mean time per level.
                   A        B        C        D        E       F      G
               +--------+--------+--------+--------+--------+-----+--------+
         Total |   4028 |   3805 |    223 |    146 |   3225 |   4 | 1007.0 |
       Dungeon |   4028 |   3805 |    223 |    146 |   3225 |   4 | 1007.0 |
               +--------+--------+--------+--------+--------+-----+--------+

Top non-repeatable levels by time:
     D:1: 1079 daAuts
     D:4: 1072 daAuts
     D:3: 1013 daAuts
     D:2: 862 daAuts
